 Dungeon Crawl Stone Soup version 0.23.0 (webtiles) character file.

Game seed: 5552373839881764640

4714 wolfsongas the Grappler (level 10, -24/74 HPs)
             Began as an Octopode Fighter on Feb 15, 2019.
             Was a High Priest of Okawaru.
             Killed from afar by a steam dragon (25 damage)
             ... with a ball of steam
             ... on level 7 of the Dungeon.
             The game lasted 00:16:39 (8119 turns).

wolfsongas the Grappler (Octopode Fighter)          Turns: 8119, Time: 00:16:40

Health: -24/74     AC:  1    Str: 19    XL:     10   Next: 45%
Magic:  8/10       EV: 20    Int: 10    God:    Okawaru [*****.]
Gold:   318        SH: 13    Dex: 12    Spells: 9/9 levels left

rFire    x . .     SeeInvis .     - Unarmed
rCold    + + .     Gourm    .   a - +2 shield
rNeg     . . .     Faith    .   (helmet restricted)
rPois    .         Spirit   .   (no amulet)
rElec    .         Reflect  .   p - ring of flight
rCorr    .         Harm     .   r - ring of protection from cold
MR       .....                  b - ring of ice
Stlth    ++++++....             (no ring)
HPRegen  0.22/turn              (no ring)
MPRegen  0.12/turn              (no ring)
                                (no ring)
                                (no ring)

@: heroism, studying Poison Magic
A: almost no armour, stealthy swim, amphibious, 8 rings, constrict 8, beak,
repulsion field 1, camouflage 1, gelatinous body 1
a: Heroism, Finesse, Renounce Religion, Evoke Flight


You were on level 7 of the Dungeon.
You worshipped Okawaru.
Okawaru was extremely pleased with you.
You were not hungry.

You visited 2 branches of the dungeon, and saw 9 of its levels.
You also visited: Sewer.

You collected 318 gold pieces.

Inventory:

Armour
 a - a +2 shield (worn)
Jewellery
 b - a ring of ice (on tentacle)
 p - a ring of flight (left tentacle)
 r - a ring of protection from cold (right tentacle)
Wands
 o - a wand of polymorph (6)
 s - a wand of random effects (25)
Scrolls
 e - 2 scrolls of teleportation
 g - 3 scrolls of amnesia
 l - a scroll of fog
Potions
 d - a potion of agility
 i - 2 potions of haste
 m - 3 potions of brilliance
Books
 h - a manual of Poison Magic
Miscellaneous
 n - a lightning rod (4/4)
Comestibles
 c - 7 rations


   Skills:
 * Level 9.1(14.1) Fighting
 + Level 6.2(11.2) Dodging
 - Level 6.0(11.0) Stealth
 - Level 3.0(8.0) Shields
 + Level 10.4(15.4) Unarmed Combat


You had 9 spell levels left.
You didn't know any spells.
Your spell library contained the following spells:

 Spells                   Type           Power        Failure   Level  Hunger
 Animate Skeleton         Necr           N/A          67%         1    ##.....
 Apportation              Tloc           #.....       67%         1    ##.....
 Confusing Touch          Hex            #.....       67%         1    ##.....
 Summon Small Mammal      Summ           #...         67%         1    ##.....
 Bolt of Magma            Conj/Fire/Erth #.........   100%        5    ######.
 Iskenderun's Battlesphe  Conj/Chrm      #.......     100%        5    ######.
 Venom Bolt               Conj/Pois      #.........   100%        5    ######.
 Iron Shot                Conj/Erth      #.........   100%        6    #######
 Orb of Destruction       Conj           #.........   100%        7    #######
 Spellforged Servitor     Conj/Summ      #.........   100%        7    #######


Dungeon Overview and Level Annotations

Branches:
Dungeon (8/15)             Temple (1/1) D:4
   Lair: D:8-11

Altars:
Ashenzari
Cheibriados
Dithmenos
Elyvilon
Fedhas
Gozag
Hepliaklqana
Kikubaaqudgha
Makhleb
Nemelex Xobeh
Okawaru
Qazlal
Ru
Sif Muna
Trog
Uskayaw
Vehumet
Wu Jian
Xom
Yredelemnul
Zin
The Shining One

Annotations:
D:8 Psyche


Innate Abilities, Weirdness & Mutations

You cannot wear most types of armour.
You are very stealthy in the water. (Stealth+)
You are amphibious.
You can wear up to eight rings at the same time.
You can use your tentacles to constrict eight enemies at once.
Your skin changes colour to match your surroundings (Stealth+).
Your rubbery body absorbs attacks. (AC +1, EV +1)
You have a beak for a mouth.
You are surrounded by a mild repulsion field. (EV +2)


Message History

You are too injured to fight recklessly!
Okay, then.
There is a stone staircase leading up here.
The steam dragon hisses angrily.
The steam dragon breathes steam at you. The ball of steam hits you!!
The steam scalds you terribly!
* * * LOW HITPOINT WARNING * * *
Unknown command.
You feel better.
You are engulfed in a cloud of scalding steam.
* * * LOW HITPOINT WARNING * * *
You gain the combat prowess of a mighty hero.
You are engulfed in a cloud of scalding steam.
You feel a little less mighty now. You block the steam dragon's attack. x2
You bludgeon the steam dragon! Your squeeze misses the steam dragon.
The steam dragon is moderately wounded.
The steam dragon breathes steam at you. The ball of steam hits you!!
The steam scalds you terribly!
You die...

#........+..#.###.
#...##..##..#.....
#...##..###.#####.
#...##..##...# #.
#............# #.
#[...........# #.
#..###..###..## ##
##D###..####..# #
#@..#....#....##
#<..#....#.....##
#>..#....#......##
########.#..###...
####.......
#....... #.......
#....... #....p..


You could see a steam dragon.

Vanquished Creatures
  Harold (D:8)
  Pikel (D:7)
  A hippogriff (D:8)
  Sigmund (D:6)
  A hungry ghost (D:7)
  2 slaves (D:7)
  An orc warrior (D:6)
  An ice beast (D:6)
  A hornet zombie (D:5)
  A necrophage (D:8)
  2 ogres
  2 phantoms
  3 centaurs
  6 bullfrogs
  2 big kobolds
  6 scorpions
  A howler monkey (D:4)
  2 bullfrog zombies
  2 crimson imps
  2 centaur zombies
  7 orc priests
  2 hounds
  2 bullfrog skeletons
  4 orc wizards
  Jessica (D:3)
  2 iguanas (D:5)
  5 worker ants
  A hound skeleton (D:7)
  A hound zombie (D:7)
  Robin (D:3)
  3 gnolls (D:3)
  21 adders
  9 oozes
  2 adder skeletons
  A worm (D:4)
  A dart slug (D:3)
  3 leopard geckos (Sewer)
  13 orcs
  9 ball pythons (Sewer)
  19 giant cockroaches
  17 goblins
  11 hobgoblins
  9 jackals
  4 quokkas
  4 bats
  7 frilled lizards
  A jackal skeleton (D:5)
  A jackal zombie (D:7)
  9 kobolds
  A leopard gecko skeleton (D:4)
  2 quokka skeletons
  8 rats
220 creatures vanquished.

Vanquished Creatures (others)
  A slave (D:7)
1 creature vanquished.

Grand Total: 221 creatures vanquished

Notes
Turn   | Place    | Note
-------+----------+-------------------------------------------
     0 | D:1      | wolfsongas the Octopode Fighter began the quest for the
                  | Orb.
     0 | D:1      | Reached XP level 1. HP: 16/16 MP: 1/1
   198 | D:1      | Reached XP level 2. HP: 21/21 MP: 2/2
   991 | D:1      | Reached skill level 1 in Stealth
  1003 | D:1      | Reached XP level 3. HP: 26/27 MP: 3/3
  1115 | D:1      | Found a sparkling altar of Nemelex Xobeh.
  1284 | D:2      | Gained mutation: You are surrounded by a mild repulsion
                  | field. (EV +2) [potion of mutation]
  1284 | D:2      | Gained mutation: You have a beak for a mouth. [potion of
                  | mutation]
  1941 | D:3      | Noticed Jessica
  1951 | D:3      | Killed Jessica
  1951 | D:3      | Reached XP level 4. HP: 32/33 MP: 4/4
  2003 | D:3      | Found a glowing drain.
  2007 | D:3      | Reached XP level 5. HP: 14/38 MP: 5/5
  2108 | Sewer    | Entered a sewer
  2462 | Sewer    | Reached skill level 3 in Unarmed Combat
  2725 | Sewer    | Reached skill level 5 in Stealth
  2725 | Sewer    | Reached XP level 6. HP: 41/44 MP: 6/6
  2778 | Sewer    | Reached skill level 4 in Unarmed Combat
  2916 | D:3      | Noticed Robin
  2927 | D:3      | Killed Robin
  3034 | D:3      | Reached XP level 7. HP: 49/49 MP: 7/7
  3479 | D:4      | Reached skill level 5 in Fighting
  3641 | D:4      | Reached skill level 5 in Unarmed Combat
  4449 | D:4      | Found a staircase to the Ecumenical Temple.
  4456 | Temple   | Entered the Ecumenical Temple
  4606 | Temple   | Became a worshipper of Warmaster Okawaru
  4637 | D:5      | Entered Level 5 of the Dungeon
  4800 | D:4      | Reached skill level 6 in Unarmed Combat
  4800 | D:4      | Reached XP level 8. HP: 38/56 MP: 8/8
  5084 | D:5      | Reached * piety under Okawaru
  5130 | D:5      | Reached skill level 7 in Unarmed Combat
  5445 | D:5      | You fall through a shaft!
  5449 | D:6      | Noticed Sigmund
  5465 | D:6      | Killed Sigmund
  5521 | D:6      | Reached skill level 8 in Unarmed Combat
  5545 | D:6      | Reached XP level 9. HP: 36/63 MP: 6/9
  6162 | D:5      | Reached ** piety under Okawaru
  6382 | D:5      | Reached skill level 9 in Unarmed Combat
  7073 | D:7      | Reached *** piety under Okawaru
  7081 | D:7      | Noticed Pikel
  7099 | D:7      | Killed Pikel
  7099 | D:7      | Reached skill level 5 in Dodging
  7392 | D:7      | You fall through a shaft!
  7443 | D:7      | Found a glowing golden altar of the Shining One.
  7452 | D:7      | Found a shimmering altar of Xom.
  7489 | D:7      | Reached XP level 10. HP: 58/72 MP: 10/10
  7527 | D:7      | Reached **** piety under Okawaru
  7527 | D:7      | Reached skill level 10 in Unarmed Combat
  7538 | D:7      | Got a pitted broad axe
  7539 | D:7      | Identified the cursed +1 broad axe of the Lamprey {freeze,
                  | Dex+3} (You found it on level 7 of the Dungeon)
  8050 | D:8      | Noticed Harold
  8066 | D:8      | Noticed Psyche
  8071 | D:8      | Killed Harold
  8074 | D:8      | Reached ***** piety under Okawaru
  8116 | D:7      | HP: 1/74 [steam dragon/ball of steam (19)]
  8119 | D:7      | Killed from afar by a steam dragon

Skill      XL: |  1  2  3  4  5  6  7  8  9 10 |
---------------+-------------------------------+-----
Stealth        | 1 3 5 6 |  6.0
Fighting       | 4 5 6 8 9 |  9.1
Unarmed Combat | 3 4 6 8 9 10 | 10.4
Dodging        | 4 5 6 |  6.2
Shields        | |  3.0

Action                   |  1- 3 |  4- 6 |  7- 9 | 10-12 || total
-------------------------+-------+-------+-------+-------++-------
Melee: Unarmed           |    69 |   136 |   250 |    53 ||   508
       Constrict         |    26 |    33 |    61 |    11 ||   131
       Tentacles         |    11 |    23 |    49 |    18 ||   101
       Punch             |     2 |     1 |    15 |     6 ||    24
       Peck              |     5 |    30 |    63 |    10 ||   108
Invok: Heroism           |       |       |     2 |     2 ||     4
  Use: Scroll            |    10 |       |    15 |     3 ||    28
       Potion            |     1 |     2 |     4 |     4 ||    11
 Stab: Sleeping          |    13 |    11 |    20 |     4 ||    48
       Distracted        |       |       |     2 |       ||     2
  Eat: Ration            |     1 |     1 |     4 |     2 ||     8
Armor: Skin              |     3 |     6 |     5 |     1 ||    15
Dodge: Dodged            |    14 |    64 |   105 |    46 ||   229
Block: Shield            |    17 |    60 |    97 |    37 ||   211
